 Dungeon Crawl Stone Soup version 0.19-GnollCrawlA-1-g03664ee (webtiles) character file.

129 GravitySqueeze the Shield-Bearer (level 1, 0/18 HPs)
             Began as a Formicid Fighter on Mar 2, 2017.
             Was an Initiate of Dithmenos.
             Slain by a gnoll
             ... wielding a +0 flail
              (3 damage)
             ... on level 6 of the Dungeon.
             The game lasted 00:03:58 (1925 turns).

GravitySqueeze the Shield-Bearer (Formicid Fighter) Turns: 1925, Time: 00:03:58

Health: 0/18       AC:  9    Str: 20    XL:     1   Next: 0%
Magic:  5/10       EV:  7    Int:  7    God:    Dithmenos [......]
Gold:   38         SH:  0    Dex: 10    Spells: 0 memorised, 0 levels left

rFire  + . .     SeeInvis +     a - +0 long sword
rCold  . . .     Gourm    .     i - +0 chain mail
rNeg   . . .     Faith    +     (no shield)
rPois  .         Spirit   .     (helmet unavailable)
rElec  .         Dismiss  .     (no cloak)
rCorr  .         Reflect  .     (no gloves)
SustAt .         Harm     .     (no boots)
MR     .....                    g - amulet of faith
Stlth  ..........               h - ring of protection from fire
                                b - ring of magical power

@:
A: permanent stasis, dig shafts and tunnels, four strong arms, antennae 3
a: Dig, Shaft Self, Renounce Religion


You were on level 6 of the Dungeon.
You worshipped Dithmenos.
Dithmenos was noncommittal.
You were not hungry.

You visited 1 branch of the dungeon, and saw 6 of its levels.

You collected 38 gold pieces.

Inventory:

Hand Weapons
 a - a +0 long sword (weapon)
Armour
 i - a +0 chain mail (worn)
Jewellery
 b - a ring of magical power (left hand)
 e - an uncursed ring of sustain attributes
 g - an amulet of faith (around neck)
 h - a ring of protection from fire (right hand)
Scrolls
 c - 4 scrolls of teleportation {unknown}
Potions
 d - a potion of might
Comestibles
 f - a bread ration


   Skills:
 + Level 3.2 Fighting
 + Level 2.0 Long Blades
 + Level 3.2 Armour
   Level 3.6 Shields


You couldn't memorise any spells.
You didn't know any spells.

Dungeon Overview and Level Annotations

Branches:
Dungeon (6/15)
 Temple: D:1-2

Altars:
Dithmenos
Gozag
Kikubaaqudgha
Pakellas
Qazlal
Trog
Xom


Innate Abilities, Weirdness & Mutations

You are under a permanent stasis effect.
You can dig through walls and to a lower floor.
Your four strong arms can wield two-handed weapons with a shield.
You have a pair of large antennae on your head. (SInv)


Message History

The gnoll is moderately wounded.
The gnoll hits you with a flail. The gnoll barely misses you.
You riposte.
You hit the gnoll.
The gnoll is severely wounded.
You closely miss the gnoll.
The gnoll is severely wounded.
The gnoll hits you with a flail. The gnoll hits you with a halberd.
* * * LOW HITPOINT WARNING * * *
You hit the gnoll but do no damage.
The gnoll is severely wounded.
The gnoll hits you but does no damage. The gnoll closely misses you.
You hit the gnoll.
The gnoll is almost dead.
The gnoll hits you with a flail.
* * * LOW HITPOINT WARNING * * *
The gnoll barely misses you.
You riposte.
You slash the gnoll!
You kill the gnoll!
Dithmenos accepts your kill. The gnoll hits you with a flail.
You die...

............#
######......#
[.......#####
........#.. .. {
........#.# #.
........#.# #. ####
.....:..#.# #. ...
........#.###.###g#
........'.......@.#
........#.###.#.#)#
........#.# #...#.#
#########.# ###.#.#
######.#####.#.#
...............<#
#############.###
#.# #.#


You could see a gnoll.

Vanquished Creatures
  13 gnolls
13 creatures vanquished.

Notes
Turn   | Place    | Note
-------+----------+-------------------------------------------
     0 | D:1      | GravitySqueeze the Formicid Fighter began the quest for the Orb.
     0 | D:1      | Reached XP level 1. HP: 18/18 MP: 1/1
    60 | D:1      | You fall through a shaft!
   660 | D:2      | You fall through a shaft!
   664 | D:3      | You fall through a shaft for 2 floors!
   664 | D:5      | Entered Level 5 of the Dungeon
  1238 | D:5      | Found an opulent altar of Gozag.
  1276 | D:5      | Found an ancient bone altar of Kikubaaqudgha.
  1392 | D:5      | Found a bloodstained altar of Trog.
  1393 | D:5      | Found a shadowy altar of Dithmenos.
  1393 | D:5      | Found an oddly glowing altar of Pakellas.
  1690 | D:5      | Found a shimmering altar of Xom.
  1691 | D:5      | Found a stormy altar of Qazlal.
  1702 | D:5      | Became a worshipper of Dithmenos the Shadowed
  1725 | D:4      | You fall through a shaft for 2 floors!
  1925 | D:6      | Slain by a gnoll

Action                   || total
-------------------------++-------
Melee: Long sword        ||    71
 Abil: Shaft Self        ||     4
  Use: Potion            ||     2
Armor: Chain mail        ||    29
       Scale mail        ||     3
Dodge: Dodged            ||    14
